 Dungeon Crawl Stone Soup version 0.28-a0-384-g9e0c098162 (webtiles) character file.

Game seed: 9626845731901278072

2209 lunkers the Grappler (level 9, -2/83 HPs)
             Began as a Minotaur Cinder Acolyte on Sept 2, 2021.
             Was a High Priest of Ignis.
             Slain by an unseen horror (4 damage)
             ... on level 6 of the Dungeon.
             The game lasted 00:10:50 (7800 turns).

lunkers the Grappler (Minotaur Cinder Acolyte)      Turns: 7800, Time: 00:10:51

Health: -2/83      AC:  5    Str: 20    XL:     9   Next: 13%
Magic:  9/9        EV: 14    Int: 12    God:    Ignis [*****.]
Gold:   331        SH:  0    Dex:  7    Spells: 10/10 levels left

rFire   + . .      SeeInvis .     - Unarmed
rCold   . . .      Faith    .   (no shield)
rNeg    . . .      Spirit   .   g - +0 ring mail
rPois   .          Reflect  .   (helmet restricted)
rElec   .          Harm     .   (no cloak)
rCorr   .          Rampage  .   (no gloves)
Will    .....                   (no boots)
Stlth   ..........              (no amulet)
HPRegen 0.23/turn               o - +4 ring of evasion
MPRegen 0.11/turn               (no ring)

@: no status effects
A: horns 2, retaliatory headbutt
a: Renounce Religion, Sea of Fire, Foxfire Swarm, Rising Flame


You were on level 6 of the Dungeon.
You worshipped Ignis.
Ignis was extremely pleased with you.
You visited 1 branch of the dungeon, and saw 6 of its levels.

You collected 331 gold pieces.

Inventory:

Missiles
 f - a throwing net
Armour
 a - a +0 robe
 g - a +0 ring mail (worn)
Jewellery
 d - an amulet of faith
 o - a +4 ring of evasion (left hand)
Wands
 m - a wand of digging (5)
 p - a wand of flame (21)
Scrolls
 b - 2 scrolls of identify {unknown}
 e - a scroll of teleportation {unknown}
 l - 2 scrolls of magic mapping {unknown}
 n - a scroll of holy word {unknown}
 q - a scroll of noise {unknown}
Potions
 c - a potion of haste
 h - 2 potions of brilliance
 i - a potion of attraction {unknown}
 j - 2 potions of degeneration {unknown}
 k - 2 potions of curing {unknown}


   Skills:
 + Level 9.1 Fighting
 * Level 11.2 Unarmed Combat
 - Level 1.0 Spellcasting
 - Level 2.1 Fire Magic


You had 10 spell levels left.
You didn't know any spells.
Your spell library contained the following spells:

 Spells                   Type           Power      Damage    Failure   Level
 Scorch                   Fire           10%        2d6       32%         2
 Summon Small Mammal      Summ           0%         N/A       45%         1
 Corpse Rot               Necr/Air       N/A        N/A       61%         2
 Ensorcelled Hibernation  Hex/Ice        0%         N/A       61%         2
 Poisonous Vapours        Pois/Air       0%         N/A       61%         2
 Call Canine Familiar     Summ           0%         N/A       83%         3
 Frozen Ramparts          Ice            0%         1d2       83%         3
 Spider Form              Tmut/Pois      0%         N/A       83%         3
 Summon Guardian Golem    Hex/Summ       0%         N/A       83%         3
 Ice Form                 Ice/Tmut       0%         N/A       99%         4
 Summon Ice Beast         Ice/Summ       0%         N/A       99%         4
 Freezing Cloud           Conj/Ice/Air   0%         6-21      100%        5


Dungeon Overview and Level Annotations

Branches:
Dungeon (6/15)             Temple (0/1) D:4

Altars:
Ashenzari
Fedhas
Makhleb
Uskayaw
Wu Jian
Yredelemnul

Shops:
D:5 [=[?

Annotations:
D:6 Maggie


Innate Abilities, Weirdness & Mutations

You have a pair of horns on your head.
You reflexively headbutt those who attack you in melee.


Message History

You barely miss Maggie. You headbutt Maggie, but do no damage.
Maggie is lightly wounded.
Something hits you!
* * * LOW HITPOINT WARNING * * *
Maggie hits you with a +0 scimitar.
* * * LOW HITPOINT WARNING * * *
You punch Maggie!
Maggie is moderately wounded.
Something barely misses you. Maggie hits you with a +0 scimitar.
* * * LOW HITPOINT WARNING * * *
You hit Maggie. You headbutt Maggie. You punch Maggie.
Maggie is heavily wounded.
You break out of your daze.
Something hits you.
* * * LOW HITPOINT WARNING * * *
Maggie mumbles some strange words.
Maggie attempts to bespell you! You resist.
You hit Maggie.
Maggie is heavily wounded.
You barely miss Maggie. You headbutt Maggie.
Maggie is severely wounded.
Something hits you.
* * * LOW HITPOINT WARNING * * *
Maggie hits you with a +0 scimitar!
* * * LOW HITPOINT WARNING * * *
You closely miss Maggie.
Maggie is severely wounded.
Maggie misses you.
Unknown command.
You hit Maggie. You headbutt Maggie!
Maggie is severely wounded.
Something hits you but does no damage.
Maggie mumbles the words to a spell, but in the wrong order.
Maggie completely misses you. You furiously retaliate!
You headbutt Maggie, but do no damage.
Unknown command.
You punch Maggie!
Maggie is almost dead.
Something hits you.
You die...

#........
#..).....
#........
#........
#........
#........
#.@......
#####@.......
#............
#.###........
#.###........
#.#......####
#.#.####.#
######.#....#.#
#...........#.#
#.####.######.#


You could see Maggie.

Vanquished Creatures
  Pikel (D:6)
  Sigmund (D:4)
  Menkaure (D:6)
  A water moccasin (D:6)
  An orc warrior (D:6)
  An ice beast (D:6)
  A black bear (D:4)
  2 ogres (D:6)
  A necrophage (D:5)
  3 lemures (D:6)
  A phantom (D:6)
  3 scorpions
  A wyvern skeleton (D:6)
  An orc priest (D:5)
  A bullfrog skeleton (D:5)
  4 iguanas
  4 orc wizards
  2 hound skeletons
  9 adders
  A white imp (D:5)
  An ufetubus (D:5)
  An adder skeleton (D:4)
  3 worms
  A dart slug (D:4)
  20 orcs
  15 ball pythons
  10 endoplasms
  3 giant cockroaches
  9 goblins
  6 hobgoblins
  3 jackals (D:4)
  5 quokkas
  4 frilled lizards
  5 kobolds
  5 rats
131 creatures vanquished.

Notes
Turn   | Place    | Note
-------+----------+-------------------------------------------
     0 | D:1      | lunkers the Minotaur Cinder Acolyte began the quest for the
                  | Orb.
     0 | D:1      | Reached XP level 1. HP: 19/19 MP: 1/1
   184 | D:1      | Reached XP level 2. HP: 26/27 MP: 2/2
   220 | D:1      | Reached skill level 4 in Unarmed Combat
   788 | D:1      | Reached XP level 3. HP: 29/33 MP: 3/3
  1396 | D:2      | Found a faded altar of an unknown god.
  1747 | D:2      | Reached XP level 4. HP: 38/41 MP: 4/4
  2155 | D:3      | Found a hide-covered altar of Uskayaw.
  2249 | D:3      | Reached skill level 5 in Unarmed Combat
  3092 | D:4      | Noticed Sigmund
  3127 | D:4      | Killed Sigmund
  3128 | D:4      | Reached skill level 5 in Fighting
  3128 | D:4      | Reached skill level 6 in Unarmed Combat
  3128 | D:4      | Reached XP level 5. HP: 34/48 MP: 5/5
  3128 | D:4      | Reached XP level 6. HP: 39/56 MP: 6/6
  3320 | D:4      | Found a staircase to the Ecumenical Temple.
  3771 | D:4      | Reached skill level 7 in Unarmed Combat
  4139 | D:4      | Reached XP level 7. HP: 57/63 MP: 7/7
  4229 | D:5      | Entered Level 5 of the Dungeon
  4229 | D:5      | Found Amamme Ontye's Magic Scroll Shoppe.
  4678 | D:5      | Found Rireuplo's Antique Armour Shop.
  4754 | D:5      | Reached skill level 8 in Unarmed Combat
  4915 | D:5      | Found Tokejao's Armour Boutique.
  4935 | D:5      | Found Eje Asuq Mucw's Jewellery Shoppe.
  6017 | D:6      | Noticed Menkaure
  6030 | D:6      | Killed Menkaure
  6031 | D:6      | Reached skill level 9 in Unarmed Combat
  6031 | D:6      | Reached XP level 8. HP: 37/73 MP: 8/8
  6208 | D:6      | Found a blossoming altar of Fedhas.
  6210 | D:6      | Found a burning altar of Makhleb.
  6661 | D:6      | Found a broken altar of Ashenzari.
  6958 | D:6      | Found a basalt altar of Yredelemnul.
  7114 | D:6      | Reached skill level 10 in Unarmed Combat
  7141 | D:6      | Noticed Pikel
  7218 | D:6      | HP: 3/74 [Pikel (3)]
  7220 | D:6      | Killed Pikel
  7221 | D:6      | Reached XP level 9. HP: 4/82 MP: 9/9
  7565 | D:6      | Found an ornate altar of the Wu Jian Council.
  7690 | D:6      | Reached skill level 11 in Unarmed Combat
  7782 | D:6      | Noticed Maggie
  7797 | D:6      | HP: 1/83 [Maggie (8)]
  7800 | D:6      | Slain by an unseen horror

Illustrated notes

Levels and vault maps discovered:
D:1:      kennysheep_arrival_forest, layout_loops_ring, minmay_quantized
D:2:      layout_basic, hellmonk_ecumenical_altar_inner_sanctum
D:3:      layout_rooms, eat_drink_and_be_merry_uskayaw, wad_orctagon
D:4:      layout_loops_ring, minmay_temple_entry_grid, corexii_checkpoint_a,
          minmay_pentomino_pile, uniq_sigmund
D:5:      layout_loops_ring, serial_shops, shop, nicolae_shop_stone, shop,
          nicolae_stop_n_shop_2
D:6:      layout_basic, mainiacjoe_overflow_six_doors_small,
          lemuel_doored_altar, chequers_temple_overflow_statue_of_worship,
          nicolae_wu_jian_immortal_techniques, uniq_crazy_yiuf_cottage,
          uniq_menkaure, uniq_maggie, uniq_pikel

Skill      XL: |  1  2  3  4  5  6  7  8  9 |
---------------+----------------------------+-----
Fighting       | 4 5 6 7 8 9 |  9.1
Unarmed Combat | 4 6 7 9 10 11 | 11.2
Spellcasting   | |  1.0
Fire Magic     | |  2.1

Action                   |  1- 3 |  4- 6 |  7- 9 || total
-------------------------+-------+-------+-------++-------
Melee: Unarmed           |   113 |   145 |   234 ||   492
       Headbutt          |     9 |    14 |    33 ||    56
       Punch             |     1 |     1 |     8 ||    10
  Use: Potion            |       |     3 |       ||     3
Armor: Robe              |     9 |       |       ||     9
       Ring mail         |     6 |    27 |    46 ||    79
       Skin              |       |     4 |       ||     4
Dodge: Dodged            |    47 |    56 |    81 ||   184

Table legend: (Time is in decaauts)
 A = Elapsed time spent in this place.
 B = Non-inter-level travel time spent in this place.
 C = Inter-level travel time spent in this place.
 D = Time resting spent in this place.
 E = Time spent auto-exploring this place.
 F = Levels seen in this place.
 G = Mean time per level.
                   A        B        C        D        E       F      G
               +--------+--------+--------+--------+--------+-----+--------+
         Total |   7718 |   7625 |     93 |    884 |   5786 |   6 | 1286.3 |
       Dungeon |   7718 |   7625 |     93 |    884 |   5786 |   6 | 1286.3 |
               +--------+--------+--------+--------+--------+-----+--------+

Top non-repeatable levels by time:
     D:6: 1814 daAuts
     D:5: 1715 daAuts
     D:4: 1201 daAuts
     D:1: 1164 daAuts
     D:2: 979 daAuts
     D:3: 842 daAuts
